 Dungeon Crawl Stone Soup version 0.19-a0-1899-g2d93087 (webtiles) character file.

324 Lochraine the Digger (level 6, -1/32 HPs)
             Began as a Gargoyle Earth Elementalist on Oct 19, 2016.
             Slain by a phantom (7 damage)
             ... on level 4 of the Dungeon on Oct 20, 2016.
             The game lasted 00:16:08 (3333 turns).

Lochraine the Digger (Gargoyle Earth Elementalist)  Turns: 3333, Time: 00:16:10

Health: -1/32      AC:  7    Str: 11    XL:     6   Next: 48%
Magic:  0/11       EV: 17    Int: 18    God:
Gold:   125        SH:  0    Dex: 15    Spells: 3 memorised, 6 levels left

rFire  + . .     SeeInvis .     f - +1 dagger (venom)
rCold  . . .     Gourm    .     c - +0 robe
rNeg   + . .     Faith    .     (no shield)
rPois  ∞         Spirit   .     (no helmet)
rElec  +         Reflect  .     a - +0 cloak
rCorr  .         Harm     .     (no gloves)
MR     .....                    (no boots)
Stlth  +++.......               o - amulet of rage
                                (no ring)
                                q - ring of protection from fire

@: agile, very slightly contaminated
A: negative energy resistance 1, electricity resistance, unbreathing,
petrification resistance, rot immunity, AC +4
a: Evoke Berserk Rage


You were on level 4 of the Dungeon.
You were very hungry.

You visited 1 branch of the dungeon, and saw 4 of its levels.

You collected 125 gold pieces.

Inventory:

Hand Weapons
 f - a +1 dagger of venom (weapon)
 v - a cursed -1 broad axe
Missiles
 b - 162 stones (quivered)
Armour
 a - a +0 cloak (worn)
 c - a +0 robe (worn)
 A - a +1 leather armour of magic resistance
Jewellery
 o - an amulet of rage (around neck)
 q - a ring of protection from fire (left hand)
Scrolls
 g - 3 scrolls of remove curse
 h - a scroll of enchant weapon {unknown}
 i - 3 scrolls of identify
 k - a scroll of amnesia {unknown}
 l - a scroll of blinking {unknown}
 n - 3 scrolls of fear {unknown}
 x - a scroll of noise {unknown}
 y - a scroll of teleportation {unknown}
 z - a scroll of enchant armour {unknown}
Potions
 m - a potion of degeneration
 p - a potion of berserk rage
 r - a potion of cancellation {unknown}
 t - a potion of heal wounds {unknown}
 w - a potion of curing {unknown}
Books
 e - a book of Geomancy

   Spells                             Type                      Level
   a - Sandblast                      Earth                        1
   b - Passwall                       Transmutation/Earth          2
   c - Stone Arrow                    Conjuration/Earth            3
   d - Petrify                        Transmutation/Earth          4
   e - Lee's Rapid Deconstruction     Earth                        5
Comestibles
 d - a bread ration
 j - 2 beef jerkies
 u - a meat ration


   Skills:
 - Level 1.5 Dodging
 - Level 2.1 Stealth
 + Level 3.7 Spellcasting
 + Level 2.9 Conjurations
 - Level 0.7 Transmutations
 + Level 6.4 Earth Magic


You had 6 spell levels left.
You knew the following spells:

 Your Spells              Type           Power        Failure   Level  Hunger
a - Sandblast             Erth           ####..       1%          1    None
b - Stone Arrow           Conj/Erth      ###...       10%         3    ###....
c - Passwall              Tmut/Erth      ###.......   6%          2    ##.....


Dungeon Overview and Level Annotations

Branches:
Dungeon (4/15)
 Temple: D:4-7

Altars:
Trog
Uskayaw
Zin
The Shining One


Innate Abilities, Weirdness & Mutations

You are resistant to torment.
Your stone body is resilient. (AC +4)
You are immune to poison.
You resist negative energy. (rN+)
You are resistant to electric shocks. (rElec)
You can survive without breathing.
You are immune to petrification.
You are immune to rotting.


Message History

The blast of sand hits the phantom.
The phantom is heavily damaged.
The phantom hits you.
Casting: Sandblast
Confirm with . or Enter, or press ? or * to list all spells.
Aiming: Sandblast
Press: ? - help, Shift-Dir - straight line, f/p - phantom
Aim: a phantom (heavily damaged)
The blast of sand hits the phantom.
The phantom is heavily damaged.
The phantom hits you!
* * * LOW HITPOINT WARNING * * *
Okay, then.
Okay, then.
You feel agile all of a sudden. The phantom completely misses you.
You hit the phantom.
The phantom is heavily damaged.
The phantom hits you!
You die...

..... #..## .. # .#
#. # #. #.# #.#
#.##### ##.##
#.W...# #...# #.@#
# #.#
#...#.##..##.#.#
#.#
#...#.##.......#
... ......#.###.###
#.# #.##..#...# #
#.#######..#..###.#
#.#...........#<#.#
#.#.######....#.#.#
#.#.# ##.....#.#


You could see a phantom.

Vanquished Creatures
  An eye of draining (D:3)
  Terence (D:2)
  A worker ant (D:4)
  Robin (D:3)
  A howler monkey skeleton (D:4)
  5 adders (D:2)
  2 oozes
  3 leopard geckos
  9 orcs (D:3)
  12 bats
  A giant cockroach (D:3)
  29 goblins
  4 hobgoblins
  9 jackals
  8 kobolds
  5 ball pythons
  2 frilled lizards (D:1)
  8 rats
102 creatures vanquished.

Notes
Turn   | Place    | Note
-------+----------+-------------------------------------------
     0 | D:1      | Lochraine the Gargoyle Earth Elementalist began the quest for the Orb.
     0 | D:1      | Reached XP level 1. HP: 10/10 MP: 3/3
   279 | D:1      | Reached skill level 4 in Earth Magic
   283 | D:1      | Reached XP level 2. HP: 15/15 MP: 1/5
   611 | D:1      | Reached XP level 3. HP: 19/19 MP: 6/6
   778 | D:2      | Learned a level 3 spell: Stone Arrow
   920 | D:2      | Reached XP level 4. HP: 19/24 MP: 5/8
  1004 | D:2      | Reached skill level 1 in Conjurations
  1038 | D:2      | Found a glowing golden altar of the Shining One.
  1065 | D:2      | Reached skill level 5 in Earth Magic
  1230 | D:2      | Noticed Terence
  1248 | D:2      | Killed Terence
  1405 | D:2      | Reached XP level 5. HP: 24/28 MP: 0/9
  1916 | D:3      | Found a hide-covered altar of Uskayaw.
  2250 | D:3      | Found a bloodstained altar of Trog.
  2267 | D:3      | Noticed an eye of draining
  2282 | D:3      | Killed an eye of draining
  2282 | D:3      | Reached skill level 6 in Earth Magic
  2282 | D:3      | Reached XP level 6. HP: 32/32 MP: 0/11
  2837 | D:3      | Noticed Robin
  2863 | D:3      | Killed Robin
  2899 | D:3      | Learned a level 2 spell: Passwall
  3289 | D:4      | Found a glowing silver altar of Zin.
  3315 | D:4      | Noticed a phantom
  3333 | D:4      | Slain by a phantom

Vault maps used:
D:1:      lightli_arrival_isolated_outpost
D:2:      minmay_kobold_bridge, tso_metal_star, uniq_terence
D:3:      kennysheep_goblin_castle, trog_eyes_of_draining, old_standard_altar
D:4:      lemuel_crystal_altar, first_bread, uniq_sigmund

Skill      XL: |  1  2  3  4  5 |
---------------+----------------+-----
Earth Magic    | 4 5 6 |  6.4
Conjurations   | 1 2 |  2.9
Spellcasting   | 3 |  3.7
Dodging        | |  1.5
Stealth        | |  2.1
Transmutations | |  0.7

Action                   |  1- 3 |  4- 6 || total
-------------------------+-------+-------++-------
Melee: Unarmed           |    18 |       ||    18
       Dagger            |    56 |   127 ||   183
Throw: Stone             |    10 |       ||    10
 Cast: Sandblast         |    11 |    65 ||    76
       Stone Arrow       |       |    10 ||    10
  Use: Scroll            |       |     4 ||     4
       Potion            |       |     1 ||     1
 Stab: Sleeping          |     2 |     2 ||     4
       Distracted        |       |     1 ||     1
  Eat: Chunk             |       |     8 ||     8
Armor: Robe              |    33 |    72 ||   105
Dodge: Dodged            |    64 |   110 ||   174
